 Dungeon Crawl Stone Soup version 0.29-a0-11-ga75d3d97ab (webtiles) character file.

Game seed: 7978155982476867008

19 blank1 the Covered (level 2, -6/27 HPs)
             Began as a Minotaur Fighter on Jan 28, 2022.
             Mangled by Terence (8 damage)
             ... on level 2 of the Dungeon.
             The game lasted 00:01:59 (942 turns).

blank1 the Covered (Minotaur Fighter)                Turns: 942, Time: 00:02:00

Health: -6/27      AC:  7    Str: 20    XL:     2   Next: 55%
Magic:  1/1        EV:  9    Int:  5    God:
Gold:   46         SH:  4    Dex:  9    Spells: 1/1 levels left

rFire   . . .      SeeInvis .   a - +0 flail
rCold   . . .      Faith    .   c - +0 buckler
rNeg    . . .      Spirit   .   b - +0 scale mail
rPois   .          Reflect  .   (helmet restricted)
rElec   .          Harm     .   (no cloak)
rCorr   .          Rampage  .   (no gloves)
Will    .....                   (no boots)
Stlth   ..........              (no amulet)
HPRegen 0.09/turn               (no ring)
MPRegen 0.07/turn               (no ring)

@: no status effects
A: horns 2, retaliatory headbutt
a: no special abilities


You were on level 2 of the Dungeon.
You visited 1 branch of the dungeon, and saw 2 of its levels.

You collected 46 gold pieces.

Inventory:

Hand Weapons
 a - a +0 flail (weapon)
Armour
 b - a +0 scale mail (worn)
 c - a +0 buckler (worn)
Potions
 d - 3 potions of might
 e - a potion of mutation {unknown}
 f - 2 potions of berserk rage {unknown}
 g - a potion of brilliance {unknown}


   Skills:
 + Level 3.9 Fighting
 + Level 2.8 Maces & Flails
 + Level 3.9 Armour
 + Level 0.9 Dodging
 + Level 3.9 Shields


You had one spell level left.
You didn't know any spells.
Your spell library was empty.

Dungeon Overview and Level Annotations

Branches:
Dungeon (2/15)

Altars:

Annotations:
D:2 Terence


Innate Abilities, Weirdness & Mutations

You have a pair of horns on your head.
You reflexively headbutt those who attack you in melee.


Message History

You hit Terence.
Terence is moderately wounded.
You block Terence's attack. The frilled lizard barely misses you.
The quokka bites you but does no damage.
You closely miss Terence.
Terence is moderately wounded.
The quokka twitches its whiskers.
The quokka bites you but does no damage.
You block Terence's attack.
The frilled lizard bites you but does no damage.
The frilled lizard barely misses you. Terence hits you with a +0 trident.
The quokka bites you but does no damage.
Terence hits you but does no damage.
The quokka bites you but does no damage.
You hit the quokka but do no damage.
The quokka bites you but does no damage.
Terence hits you from afar with a +0 trident.
The quokka bites you but does no damage.
The frilled lizard barely misses you.
You barely miss the quokka. Your headbutt misses the quokka.
The quokka closely misses you. You furiously retaliate!
You headbutt the quokka. Terence closely misses you.
The frilled lizard bites you but does no damage.
You block the quokka's attack.
You closely miss the quokka.
The quokka is moderately wounded.
Terence hits you from afar with a +0 trident.
* * * LOW HITPOINT WARNING * * *
The frilled lizard bites you.
* * * LOW HITPOINT WARNING * * *
The quokka closely misses you.
Terence hits you from afar with a +0 trident.
* * * LOW HITPOINT WARNING * * *
The frilled lizard unfolds its giant frill.
The quokka bites you but does no damage.
Terence barely misses you. The quokka barely misses you.
The frilled lizard barely misses you.
The quokka bites you but does no damage.
Terence hits you with a +0 trident!
You die...

##+## ##...##
#### ##.....##
...###.......##
.#.##.......@.#
..).'......@r.+
#.##.......l.#
#.###.......##
####.####.....##
#........#...##
#.##.###.##+##
#.##.# #.#
##.##.# #.# #.


You could see Terence, a quokka and a frilled lizard.

Vanquished Creatures
  A bat (D:1)
  2 endoplasms
  3 giant cockroaches (D:1)
  3 hobgoblins (D:1)
  3 kobolds
  A ball python (D:1)
  A frilled lizard (D:1)
  A goblin (D:1)
  2 rats (D:1)
17 creatures vanquished.

Notes
Turn   | Place    | Note
-------+----------+-------------------------------------------
     0 | D:1      | blank1 the Minotaur Fighter began the quest for the Orb.
     0 | D:1      | Reached XP level 1. HP: 19/19 MP: 0/0
   232 | D:1      | Reached XP level 2. HP: 8/27 MP: 1/1
   922 | D:2      | Noticed Terence
   936 | D:2      | HP: 1/27 [Terence (3)]
   942 | D:2      | Mangled by Terence

Illustrated notes

Levels and vault maps discovered:
D:1:      minmay_arrival_checkered_box, layout_rooms, fountainhead
D:2:      layout_loops_corners, basic_altar,
          hellmonk_ecumenical_altar_defaced_shrine, minmay_goblin_outpost,
          uniq_terence

Action                   || total
-------------------------++-------
Melee: Flail             ||    49
       Headbutt          ||     1
Armor: Scale mail        ||    38
Dodge: Dodged            ||    34
Block: Buckler           ||    24

Table legend: (Time is in decaauts)
 A = Elapsed time spent in this place.
 B = Non-inter-level travel time spent in this place.
 C = Inter-level travel time spent in this place.
 D = Time resting spent in this place.
 E = Time spent auto-exploring this place.
 F = Levels seen in this place.
 G = Mean time per level.
                   A        B        C        D        E       F      G
               +--------+--------+--------+--------+--------+-----+--------+
         Total |    958 |    955 |      3 |    199 |    621 |   2 |  479.0 |
       Dungeon |    958 |    955 |      3 |    199 |    621 |   2 |  479.0 |
               +--------+--------+--------+--------+--------+-----+--------+

Top non-repeatable levels by time:
     D:1: 849 daAuts
     D:2: 109 daAuts
